 Dungeon Crawl Stone Soup version 0.31-a0-237-g2d982f9f85 (webtiles) character file.

Game seed: 15622690014693277498

2174 qw the Skirmisher (level 9, -7/75 (79) HPs)
             Began as a Minotaur Hexslinger on July 10, 2023.
             Shot with an arrow by a centaur (13 damage)
             ... on level 7 of the Dungeon.
             The game lasted 00:02:37 (5123 turns).

qw the Skirmisher (Minotaur Hexslinger)             Turns: 5123, Time: 00:02:38

HP:   -7/75 (79)    AC: 10    Str: 12    XL:     9   Next: 11%
MP:   9/9           EV: 12    Int:  9    God:
Gold: 219           SH:  0    Dex: 21    Spells: 9/10 levels left

rFire   . . .        Y - +1 sling
rCold   . . .        (no shield)
rNeg    . . .        d - +0 ring mail {Will+}
rPois   .            (helmet restricted)
rElec   .            (no cloak)
rCorr   .            b - +0 pair of gloves
SInv    .            (no boots)
Will    +....        (no amulet)
Stlth   +            e - +4 ring of protection
HPRegen 0.32/turn    (no ring)
MPRegen 0.11/turn

%: no passive effects
@: about to teleport, drained
A: horns 2, retaliatory headbutt, hooves 1, agile 1, deterioration 1
a: no special abilities


You were on level 7 of the Dungeon.
You visited 1 branch of the dungeon, and saw 7 of its levels.

You collected 351 gold pieces.
You spent 132 gold pieces at shops.


Innate Abilities, Weirdness & Mutations

You have a pair of horns on your head.
You reflexively headbutt those who attack you in melee.
You have large cloven feet.
You are agile. (Dex +4, Str/Int -1)
Your body sometimes deteriorates upon taking damage.


   Skills:
 - Level 7.2 Fighting
 + Level 10.8 Ranged Weapons
 - Level 2.3 Armour
 - Level 4.1 Dodging
 - Level 1.0 Spellcasting
 - Level 2.0 Hexes


You had 9 spell levels left.
You knew the following spells:

 Your Spells              Type           Power      Damage    Failure   Level
a - Slow                  Hex            16%        N/A       34%         1

Your spell library contained the following spells:

 Spells                   Type           Power      Damage    Failure   Level
 Inner Flame              Hex/Fire       2%         N/A       85%         3
 Portal Projectile        Hex/Tloc       4%         N/A       85%         3
 Cause Fear               Hex            2%         N/A       98%         4

Inventory:

Hand Weapons
 Y - a +1 sling (weapon)
Armour
 b - a +0 pair of gloves (worn)
 d - a +0 ring mail of willpower (worn)
Jewellery
 e - a +4 ring of protection (left hand)
 k - a ring of ice
Scrolls
 a - a scroll of identify
 f - 2 scrolls of teleportation
Potions
 c - a potion of cancellation
 g - a potion of curing
 h - a potion of mutation
 j - a potion of enlightenment
 l - a potion of might {unknown}

Dungeon Overview and Level Annotations

Branches:
Dungeon (7/15)             Temple (0/1) D:7

Altars:
Cheibriados
Dithmenos
Hepliaklqana
Nemelex Xobeh
Sif Muna
Yredelemnul

Shops:
D:5 *


Message History

5115 ||| Stepping ~*~*~tactically~*~*~ (outnumbered).
You shoot a sling bullet.
Your surroundings suddenly seem different.
A steam dragon comes into view.
You feel sick.
The steam dragon hisses angrily.
A water moccasin comes into view.
Autopickup is now on.
5116 ||| READING 4 scrolls of teleportation.
As you read the scroll of teleportation, it crumbles to dust.
You feel strangely unstable.
You feel sick.
You are no longer poisoned.
The water moccasin hisses angrily.
You shoot a sling bullet.
The sling bullet barely misses the steam dragon.
You shoot a sling bullet. The sling bullet hits the steam dragon.
The steam dragon is lightly wounded.
You shoot a sling bullet.
The sling bullet barely misses the steam dragon.
You shoot a sling bullet.
The sling bullet closely misses the water moccasin.
Your surroundings suddenly seem different. 2 orcs come into view.
Found a potion of brilliance, a potion of curing and 18 gold pieces.
Found a shadowy altar of Dithmenos.
The orc shouts!
You hear a loud, deep croak!
You hear a shout!
A bullfrog comes into view.
5121 ||| READING 3 scrolls of teleportation.
As you read the scroll of teleportation, it crumbles to dust.
You feel strangely unstable.
You shoot a sling bullet. The sling bullet hits the orc.
The orc is severely wounded.
A centaur comes into view.
The orc hits you with a +0 whip.
You shoot a sling bullet.
The sling bullet closely misses the orc.
The centaur wields a +4 shortbow.
The centaur shoots an arrow.
The arrow hits you!
You die...

# ......... #.
.$......
..#._ยค.#.
.#..... ..... .
...# ...
#####..#.....
#..!.@.......
....#
#......o......
#....
...............
....
#......F.o.....
...
###...........#
..
#....$......# .
#..........#. #
.. ..#....c..##
## ...


You could see a bullfrog, a centaur and 2 orcs.

Vanquished Creatures
  Grinder (D:5)
  Sigmund (D:5)
  2 black bears
  A sky beast (D:5)
  An orc warrior (D:6)
  An ogre (D:4)
  3 phantoms
  Blork the orc (D:6)
  2 scorpions (D:6)
  3 wights (D:7)
  A jelly (D:6)
  2 gnoll boudas
  4 hounds
  3 orc priests
  2 iguanas
  3 sleepcaps
  5 orc wizards
  12 gnolls
  7 adders
  4 worms
  2 dart slugs
  15 orcs
  3 endoplasms
  2 giant cockroaches (D:1)
  5 goblins
  A hobgoblin (D:1)
  8 jackals
  9 kobolds
  4 quokkas
  2 ball pythons
  5 bats
  2 frilled lizards (D:3)
  8 rats
125 creatures vanquished.

Notes
Turn   | Place    | Note
-------+----------+-------------------------------------------
     0 | D:1      | qw the Minotaur Hexslinger began the quest for the Orb.
     0 | D:1      | Reached XP level 1. HP: 16/16 MP: 1/1
     0 | D:1      | 0 ||| qw: Version: 0.3-a-52-g30416fa
     0 | D:1      | 0 ||| qw: Game counter: 5029
     0 | D:1      | 0 ||| qw: Melee chars always use a shield: true
     0 | D:1      | 0 ||| qw: God list: Okawaru
     0 | D:1      | 0 ||| qw: Allow faded altars: false
     0 | D:1      | 0 ||| qw: Do Orc after clearing Dungeon:15 true
     0 | D:1      | 0 ||| qw: Do second Lair branch before Depths: true
     0 | D:1      | 0 ||| qw: Lair rune preference: random
     0 | D:1      | 0 ||| qw: Goals: Normal
     0 | D:1      | 0 ||| PLANNING D:1-11
    40 | D:1      | Reached skill level 3 in Ranged Weapons
    42 | D:1      | Reached XP level 2. HP: 23/23 MP: 2/2
   511 | D:1      | 511 ||| UPGRADING to +0 leather armour.
   521 | D:1      | 521 ||| DROPPING +0 robe.
   522 | D:1      | 522 ||| UPGRADING to +0 ring mail.
   532 | D:1      | 532 ||| DROPPING +0 leather armour.
   533 | D:1      | 533 ||| UPGRADING to +4 ring of protection.
   534 | D:1      | 534 ||| READING 2 scrolls labelled XIKAOD XEIRU.
   535 | D:1      | 535 ||| READING scroll labelled TAALI JASOUF.
   540 | D:1      | 540 ||| READING 3 scrolls labelled JIOMEC EHEVEAM.
   541 | D:1      | 541 ||| DRINKING 2 viscous amethyst potions.
   542 | D:1      | 542 ||| DROPPING scroll of revelation.
   543 | D:1      | 543 ||| DROPPING scroll of poison.
   544 | D:1      | 544 ||| DROPPING 2 scrolls of noise.
   545 | D:1      | 545 ||| DROPPING potion of invisibility.
   809 | D:2      | Reached XP level 3. HP: 29/29 MP: 3/3
   969 | D:2      | Reached skill level 4 in Ranged Weapons
  1043 | D:2      | Reached skill level 1 in Armour
  1240 | D:2      | 1240 ||| READING 3 scrolls labelled RAGUIFONWO.
  1241 | D:2      | 1241 ||| READING scroll labelled UDASAAT LECH.
  1242 | D:2      | 1242 ||| DRINKING 2 fizzy green potions.
  1243 | D:2      | 1243 ||| READING 2 scrolls of identify.
  1243 | D:2      | 1243 ||| IDENTIFYING green potion
  1244 | D:2      | 1244 ||| DROPPING potion of magic.
  1309 | D:3      | 1309 ||| STAIRDANCE
  1315 | D:2      | Reached XP level 4. HP: 25/36 MP: 4/4
  1536 | D:3      | Found a sparkling altar of Nemelex Xobeh.
  1676 | D:3      | Reached skill level 5 in Ranged Weapons
  1781 | D:3      | 1781 ||| UPGRADING to +0 ring mail of willpower.
  1791 | D:3      | 1791 ||| DROPPING +0 ring mail.
  1792 | D:3      | 1792 ||| READING scroll labelled CUNGUZ XATS.
  1793 | D:3      | 1793 ||| READING scroll labelled RIPTIA ZAUNU.
  1794 | D:3      | 1794 ||| DRINKING 2 white potions.
  1794 | D:3      | Gained mutation: You occasionally lose the ability to read
                  | scrolls when taking damage. [potion of mutation]
  1795 | D:3      | 1795 ||| DRINKING potion of mutation.
  1795 | D:3      | Lost mutation: You occasionally lose the ability to read
                  | scrolls when taking damage. [potion of mutation]
  1795 | D:3      | Gained mutation: You have large cloven feet. [potion of
                  | mutation]
  1795 | D:3      | Gained mutation: Your body sometimes deteriorates upon
                  | taking damage. [potion of mutation]
  1795 | D:3      | Gained mutation: You are agile. (Dex +4, Str/Int -1)
                  | [potion of mutation]
  1809 | D:4      | Found a snail-covered altar of Cheibriados.
  1810 | D:4      | 1810 ||| PLANNING SEWER
  1830 | D:4      | Noticed an ogre
  1836 | D:4      | Killed an ogre
  1837 | D:4      | Reached XP level 5. HP: 46/46 MP: 5/5
  2139 | D:4      | Found a hazy altar of Hepliaklqana.
  2443 | D:4      | 2443 ||| RIP SEWER
  2511 | D:4      | 2511 ||| PLANNING D:1-11
  2511 | D:4      | 2511 ||| UPGRADING to +0 pair of gloves.
  2516 | D:4      | 2516 ||| READING scroll labelled DUURO FUJOLUERR.
  2573 | D:5      | Entered Level 5 of the Dungeon
  2583 | D:5      | Reached XP level 6. HP: 52/52 MP: 6/6
  2595 | D:5      | Reached skill level 6 in Ranged Weapons
  2596 | D:5      | 2596 ||| STAIRDANCE
  2689 | D:5      | Noticed Sigmund
  2690 | D:5      | 2690 ||| Stepping ~*~*~tactically~*~*~ (outnumbered).
  2711 | D:5      | Killed Sigmund
  2712 | D:5      | Reached skill level 7 in Ranged Weapons
  2724 | D:5      | Reached XP level 7. HP: 16/59 MP: 7/7
  2890 | D:5      | Found Buhuputh's General Store.
  2903 | D:5      | Reached skill level 8 in Ranged Weapons
  2930 | D:5      | 2930 ||| SHOPLISTING +3 salamander hide armour {Flames,
                  | rFlCloud rF++ rC--} (414 gold, have 186).
  2930 | D:5      | 2930 ||| BUYING potion of curing (36 gold).
  2930 | D:5      | Bought a potion of curing for 36 gold pieces
  2930 | D:5      | 2930 ||| BUYING potion of mutation (96 gold).
  2930 | D:5      | Bought a potion of mutation for 96 gold pieces
  2965 | D:5      | 2965 ||| FLEEEEING.
  2967 | D:5      | 2967 ||| FLEEEEING.
  2968 | D:5      | 2968 ||| FLEEEEING.
  2969 | D:5      | 2969 ||| FLEEEEING.
  2970 | D:5      | 2970 ||| FLEEEEING.
  2971 | D:5      | 2971 ||| FLEEEEING.
  2972 | D:5      | 2972 ||| FLEEEEING.
  2973 | D:5      | 2973 ||| FLEEEEING.
  2974 | D:5      | 2974 ||| FLEEEEING.
  2975 | D:5      | 2975 ||| FLEEEEING.
  2976 | D:5      | 2976 ||| FLEEEEING.
  3047 | D:5      | Noticed Grinder
  3086 | D:5      | 3086 ||| FLEEEEING.
  3087 | D:5      | 3087 ||| FLEEEEING.
  3088 | D:5      | 3088 ||| FLEEEEING.
  3094 | D:5      | 3094 ||| FLEEEEING.
  3095 | D:5      | 3095 ||| FLEEEEING.
  3096 | D:5      | 3096 ||| FLEEEEING.
  3097 | D:5      | 3097 ||| FLEEEEING.
  3098 | D:5      | 3098 ||| FLEEEEING.
  3099 | D:5      | 3099 ||| FLEEEEING.
  3100 | D:5      | 3100 ||| FLEEEEING.
  3118 | D:5      | 3118 ||| FLEEEEING.
  3119 | D:5      | 3119 ||| STAIRDANCE
  3162 | D:4      | 3162 ||| READING scroll labelled UGYDAR FOCW.
  3163 | D:4      | 3163 ||| READING 3 scrolls of identify.
  3163 | D:4      | 3163 ||| IDENTIFYING amethyst potion
  3164 | D:4      | 3164 ||| DROPPING potion of degeneration.
  3193 | D:5      | Killed Grinder
  3301 | D:5      | Reached skill level 3 in Dodging
  3301 | D:5      | Reached XP level 8. HP: 62/70 MP: 8/8
  3720 | D:5      | 3720 ||| READING 2 scrolls of identify.
  3720 | D:5      | 3720 ||| IDENTIFYING clear potion
  3888 | D:6      | 3888 ||| Stepping ~*~*~tactically~*~*~ (outnumbered).
  3890 | D:6      | 3890 ||| Stepping ~*~*~tactically~*~*~ (outnumbered).
  3913 | D:6      | Reached skill level 9 in Ranged Weapons
  3914 | D:6      | Reached skill level 6 in Fighting
  3916 | D:6      | 3916 ||| FLEEEEING.
  3917 | D:6      | 3917 ||| FLEEEEING.
  3918 | D:6      | 3918 ||| FLEEEEING.
  3919 | D:6      | 3919 ||| FLEEEEING.
  3920 | D:6      | 3920 ||| FLEEEEING.
  3921 | D:6      | 3921 ||| FLEEEEING.
  3922 | D:6      | 3922 ||| FLEEEEING.
  3923 | D:6      | 3923 ||| FLEEEEING.
  3924 | D:6      | 3924 ||| FLEEEEING.
  3925 | D:6      | 3925 ||| FLEEEEING.
  3926 | D:6      | 3926 ||| FLEEEEING.
  3927 | D:6      | 3927 ||| STAIRDANCE
  4060 | D:6      | 4060 ||| FLEEEEING.
  4061 | D:6      | 4061 ||| FLEEEEING.
  4062 | D:6      | 4062 ||| FLEEEEING.
  4063 | D:6      | 4063 ||| FLEEEEING.
  4075 | D:6      | 4075 ||| FLEEEEING.
  4076 | D:6      | 4076 ||| FLEEEEING.
  4081 | D:6      | 4081 ||| STAIRDANCE
  4129 | D:6      | HP: 16/70 [sky beast (6)]
  4130 | D:6      | 4130 ||| READING 4 scrolls of teleportation.
  4136 | D:6      | 4136 ||| FLEEEEING.
  4137 | D:6      | 4137 ||| FLEEEEING.
  4138 | D:6      | 4138 ||| FLEEEEING.
  4139 | D:6      | 4139 ||| FLEEEEING.
  4140 | D:6      | 4140 ||| FLEEEEING.
  4141 | D:6      | 4141 ||| STAIRDANCE
  4322 | D:5      | 4322 ||| DROPPING potion of brilliance.
  4348 | D:6      | Reached skill level 10 in Ranged Weapons
  4351 | D:6      | 4351 ||| FLEEEEING.
  4352 | D:6      | 4352 ||| FLEEEEING.
  4353 | D:6      | 4353 ||| FLEEEEING.
  4354 | D:6      | 4354 ||| FLEEEEING.
  4355 | D:6      | 4355 ||| FLEEEEING.
  4356 | D:6      | 4356 ||| STAIRDANCE
  4521 | D:6      | Noticed Blork the orc
  4531 | D:6      | Killed Blork the orc
  4658 | D:6      | Found a basalt altar of Yredelemnul.
  4835 | D:6      | Reached XP level 9. HP: 33/79 MP: 9/9
  4978 | D:6      | Found a shimmering blue altar of Sif Muna.
  5058 | D:6      | 5058 ||| READING 2 scrolls of identify.
  5058 | D:6      | 5058 ||| IDENTIFYING sedimented emerald potion
  5059 | D:6      | 5059 ||| DROPPING potion of attraction.
  5080 | D:7      | Found a staircase to the Ecumenical Temple.
  5081 | D:7      | 5081 ||| PLANNING TEMPLE
  5085 | D:7      | 5085 ||| Stepping ~*~*~tactically~*~*~ (outnumbered).
  5112 | D:7      | 5112 ||| Stepping ~*~*~tactically~*~*~ (outnumbered).
  5112 | D:7      | HP: 18/75 [poisoned by a kobold brigand]
  5113 | D:7      | 5113 ||| READING 5 scrolls of teleportation.
  5114 | D:7      | 5114 ||| Stepping ~*~*~tactically~*~*~ (outnumbered).
  5114 | D:7      | HP: 8/75 [something (5)]
  5115 | D:7      | 5115 ||| Stepping ~*~*~tactically~*~*~ (outnumbered).
  5116 | D:7      | 5116 ||| READING 4 scrolls of teleportation.
  5120 | D:7      | Found a shadowy altar of Dithmenos.
  5121 | D:7      | 5121 ||| READING 3 scrolls of teleportation.
  5122 | D:7      | HP: 6/75 [orc/+0 whip (3)]
  5123 | D:7      | Shot with an arrow by a centaur

Levels and vault maps discovered:
D:1:      dpeg_arrival_solitude, layout_rooms, fountainhead, minmay_pentomino_v2
D:2:      layout_basic
D:3:      layout_rooms, mainiacjoe_overflow_catwalk
D:4:      layout_rooms, mainiacjoe_overflow_catch_the_wave, gup_sewer_entry_bowl
D:5:      layout_loops_cross, serial_shops, nicolae_shop_tiny_statue_garden,
          uniq_sigmund, uniq_grinder
D:6:      layout_rooms, kennysheep_orc_sif_temple, yredelemnul_altar_generic,
          minmay_misc_feat_doors, uniq_blork_the_orc
D:7:      layout_cave_pools, kennysheep_mini, grunt_dithmenos_smoke,
          minmay_temple_entry_mini_moons, hellmonk_ghost_happy_afterlife

Skill      XL: |  1  2  3  4  5  6  7  8 |
---------------+-------------------------+-----
Ranged Weapons | 3 4 5 7 8 10 | 10.8
Fighting       | 2 4 5 7 |  7.2
Armour         | 1 2 |  2.3
Dodging        | 3 4 |  4.1
Spellcasting   | |  1.0
Hexes          | |  2.0

Action                     |  1- 3 |  4- 6 |  7- 9 || total
---------------------------+-------+-------+-------++-------
   Fire: Sling             |   111 |   183 |   351 ||   645
    Use: Scroll            |     6 |     3 |     8 ||    17
         Potion            |     2 |     2 |       ||     4
 Armour: Robe              |     2 |       |       ||     2
         Ring mail         |    11 |    39 |   110 ||   160
  Dodge: Dodged            |    33 |    47 |   112 ||   192

Table legend:
 A = Non-vault XP
 B = Vault XP
 C = Vault XP percentage of total XP
 D = Non-vault monster count
 E = Vault monster count
 F = Vault count percentage of total count
                 A         B        C        D         E       F
            +---------+---------+-------+---------+---------+-------
      Total |    2302 |     805 |  25.9 |     116 |       9 |   7.2
            +---------+---------+-------+---------+---------+-------
        D:1 |      29 |       1 |   3.3 |      17 |       1 |   5.6
        D:2 |      90 |       0 |   0.0 |      14 |       0 |   0.0
        D:3 |      52 |       0 |   0.0 |      14 |       0 |   0.0
        D:4 |     192 |       6 |   3.0 |      16 |       2 |  11.1
        D:5 |     819 |     516 |  38.7 |      24 |       2 |   7.7
        D:6 |     901 |     282 |  23.8 |      25 |       4 |  13.8
        D:7 |     219 |       0 |   0.0 |       6 |       0 |   0.0
            +---------+---------+-------+---------+---------+-------
